 Dungeon Crawl Stone Soup version 0.18-a0-881-g990e6c6 (webtiles) character file.

88 Sixotanaka the Conjurer (level 4, 0/27 HPs)
             Began as an Octopode Fire Elementalist on Dec 16, 2015.
             Was an Initiate of Vehumet.
             Slain by a crimson imp (1 damage)
             ... on level 3 of the Dungeon on Dec 21, 2015.
             The game lasted 00:08:14 (3131 turns).

Sixotanaka the Conjurer (OpFE)                      Turns: 3131, Time: 00:08:14

Health: 0/27       AC:  1    Str:  7    XL:     4   Next: 54%
Magic:  5/7        EV: 12    Int: 23    God:    Vehumet [......]
Gold:   188        SH:  0    Dex: 12    Spells: 2 memorised, 3 levels left

rFire  . . .     SeeInvis +     o - +0 whip (elec)
rCold  . . .     Gourm    .     (no shield)
rNeg   . . .     Faith    .     (helmet restricted)
rPois  .         Spirit   .     (no amulet)
rElec  .         Dismiss  .     h - ring of see invisible
rCorr  .         Reflect  .     (no ring)
SustAt .         Harm     .     (no ring)
MR     .....                    (no ring)
Stlth  +++.......               (no ring)
                                (no ring)
                                (no ring)
                                (no ring)

@: brilliant, not resistant to hostile enchantments, fairly stealthy
A: almost no armour, amphibious, 8 rings, constrict 8, camouflage 1, gelatinous
body 1
a: Renounce Religion


You were on level 3 of the Dungeon.
You worshipped Vehumet.
Vehumet was noncommittal.
You were very hungry.

You visited 1 branch of the dungeon, and saw 4 of its levels.

You collected 188 gold pieces.


Innate Abilities, Weirdness & Mutations

You cannot wear most types of armour.
You are amphibious.
You can wear up to eight rings at the same time.
You can use your tentacles to constrict eight enemies at once.
Your skin changes colour to match your surroundings (Stealth).
Your rubbery body absorbs attacks (AC +1).


   Skills:
 + Level 2.2 Maces & Flails
 - Level 2.0 Dodging
 - Level 2.6 Stealth
 - Level 2.0 Spellcasting
 - Level 3.4 Conjurations
 - Level 3.0 Fire Magic


You had 3 spell levels left.
You knew the following spells:

 Your Spells              Type           Power        Failure   Level  Hunger
y - Conjure Flame         Conj/Fire      ####....     1%          3    ###....
z - Flame Tongue          Conj/Fire      ####.        1%          1    #......


Dungeon Overview and Level Annotations

Branches:
Dungeon (4/15)
 Temple: D:4-7

Altars:
Vehumet
Yredelemnul
The Shining One

Inventory:

Hand Weapons
 o - a +0 whip of electrocution (weapon)
   (You took it off a kobold on level 2 of the Dungeon)
Missiles
 k - 10 poisoned needles
Jewellery
 h - a ring of see invisible (left tentacle)
Scrolls
 d - a scroll of enchant weapon {unknown}
 e - 2 scrolls of amnesia {unknown}
 j - a scroll of fear {unknown}
 l - a scroll of immolation {unknown}
 m - a scroll of teleportation {unknown}
 q - a scroll of blinking {unknown}
 r - a scroll of identify {unknown}
Potions
 f - a potion of curing {unknown}
 g - a potion of lignification {unknown}
 i - a potion of brilliance
 n - a potion of might {unknown}
Books
 a - a book of Flames
Comestibles
 b - 2 bread rations
 c - 3 fruits

...#.# #..##.#......###### .....#
##.##.#......# ...###
#.##.#......# .#...#
#..#.#......# .#...#
##.#.#......# .....# #...#......#
.#...# #######..#.###### .....#
#........5.# .#.### #.......@..#
##)######..........#
...........#####.#.# #..........#
#.#.### ##### #..........#
#.....# #....
#.....[....#####.....########....
#..........'...#.....'......(....
#........_.###.#.....########...(
#..........#..............# #....


You could see a crimson imp.


Message History

You kill the giant newt!
Vehumet accepts your kill.
The crimson imp shouts!
Casting: Flame Tongue
Aiming: Flame Tongue That would be overly suicidal.
Okay, then.
Found a stone staircase leading down.
Casting: Flame Tongue
Aiming: Flame Tongue
Aim: a crimson imp The flame tongue hits the crimson imp.
The crimson imp appears unharmed.
Casting: Flame Tongue
Aiming: Flame Tongue
Aim: a crimson imp The flame tongue hits the crimson imp.
The crimson imp completely resists.
The hound barks!
The crimson imp blinks!
You closely miss the crimson imp. Your grab misses the crimson imp.
The crimson imp blinks!
You barely miss the crimson imp. Your grab misses the crimson imp.
The crimson imp misses you. The hound bites you.
You hit the hound but do no damage.
There is a sudden explosion of sparks!
Your grab misses the hound. The crimson imp closely misses you.
The hound bites you.
* * * LOW HITPOINT WARNING * * *
You hit the hound. Your grab misses the hound. You squeeze the hound.
The hound bites you.
* * * LOW HITPOINT WARNING * * *
The crimson imp barely misses you. The hound barely misses you.
The crimson imp blinks!
The crimson imp blinks!
The hound barely misses you.
You hit the hound but do no damage. Your grab misses the hound.
The hound bites you.
* * * LOW HITPOINT WARNING * * *
The crimson imp closely misses you.
You closely miss the hound. You grab the hound. You squeeze the hound.
You kill the hound!
Vehumet accepts your kill.
Your Maces & Flails skill increases to level 2!
You have reached level 4!
The crimson imp misses you.
You hit the crimson imp. Your grab misses the crimson imp.
The crimson imp hits you.
* * * LOW HITPOINT WARNING * * *
You hit the crimson imp. You grab the crimson imp.
You constrict the crimson imp. The crimson imp misses you.
Unknown command.
You release your grip on the crimson imp.
The crimson imp barely misses you. The crimson imp hits you.
* * * LOW HITPOINT WARNING * * *
There is a stone staircase leading up here.
The crimson imp hits you.
* * * LOW HITPOINT WARNING * * *
The orc priest drinks a potion.
The orc priest suddenly seems more agile.
You climb upwards.
There is a stone staircase leading down here.
Drink which item? (? for menu, Esc to quit)
It was a potion of brilliance.
You feel clever all of a sudden.
The crimson imp lashes its tail.
The crimson imp barely misses you.
You miss the crimson imp. Your grab misses the crimson imp.
The crimson imp hits you.
* * * LOW HITPOINT WARNING * * *
You closely miss the crimson imp. Your grab misses the crimson imp.
The crimson imp hits you.
You die...

Action                   |  1- 3 |  4- 6 || total
-------------------------+-------+-------++-------
Melee: Whip              |    44 |     4 ||    48
 Cast: Flame Tongue      |    51 |       ||    51
       Conjure Flame     |     1 |       ||     1
  Use: Potion            |       |     1 ||     1
 Stab: Sleeping          |     5 |       ||     5
  Eat: Chunk             |     2 |       ||     2
       Bread ration      |     1 |       ||     1

Vault maps used:
D:1:      ncdulo_wetmaze
D:2:      grunt_temple_overflow_holy_war, ecumenical_altar_2,
          uniq_crazy_yiuf_cottage
D:3:      overflow_temple_1_default
D:4:      temple_green, grunt_pakellas_salt

Notes
Turn   | Place    | Note
--------------------------------------------------------------
     0 | D:1      | Sixotanaka the Octopode Fire Elementalist began the quest for the Orb.
     0 | D:1      | Reached XP level 1. HP: 11/11 MP: 3/3
   303 | D:1      | Upgraded the game from 0.18-a0-822-gb52b7b4 to 0.18-a0-869-gcf278c0
   322 | D:1      | Reached skill level 2 in Conjurations
   322 | D:1      | Reached XP level 2. HP: 17/17 MP: 0/5
  1041 | D:2      | Found a basalt altar of Yredelemnul.
  1114 | D:2      | Found a glowing golden altar of the Shining One.
  1116 | D:2      | Noticed an angel
  1178 | D:2      | Reached XP level 3. HP: 21/21 MP: 2/6
  1183 | D:2      | Learned a level 3 spell: Conjure Flame
  1218 | D:2      | Reached skill level 3 in Conjurations
  1256 | D:2      | Upgraded the game from 0.18-a0-869-gcf278c0 to 0.18-a0-881-g990e6c6
  1701 | D:2      | Found a faded altar to an unknown god.
  2308 | D:3      | Found a radiant altar of Vehumet.
  2360 | D:3      | Became a worshipper of Vehumet
  2802 | D:3      | Reached skill level 1 in Maces & Flails
  3120 | D:4      | HP: 5/21 [hound (1)]
  3121 | D:4      | Reached skill level 2 in Maces & Flails
  3121 | D:4      | Reached XP level 4. HP: 6/27 MP: 4/7
  3125 | D:4      | HP: 5/27 [crimson imp (1)]
  3130 | D:3      | HP: 1/27 [crimson imp (3)]
  3131 | D:3      | Slain by a crimson imp

Vanquished Creatures
  A hound (D:4)
  3 worms
  A giant gecko (D:2)
  2 orcs (D:3)
  3 giant cockroaches
  4 hobgoblins
  2 jackals (D:3)
  5 bats
  7 giant newts
  8 goblins
  10 kobolds
  4 rats
50 creatures vanquished.
